Match 20819438
Unlisted

Match 20819438
End
Royal Engineer Section
Construct Section Command Post
Dingo Light Scout Car
Infantry Section
Infantry Section
Construct Platoon Command Post
Humber Armored Car
Construct Field Infirmary
Selects Indian Artillery Battlegroup
Selects Valour
Selects Gurkha Rifles Section
Gurkha Rifles Section
Construct Company Command Post
Foot Guards Section
Matilda II Heavy Tank
Selects Volunteer Infantry
Unlock M3 Grant Medium Tanks
Infantry Training
Selects Artillery Saturation
6-pounder Anti-tank Gun Team
M3 Grant Medium Tank
M3 Grant Medium Tank
Armored Vehicle Training
Selects Off-map Airburst Barrage
Kresnik
[Peanut] Calyon
0
0

Comments sign in to comment!

No comments posted yet!